3AA
OTTAWA NATIONALS @ BETHESDA ATOMS
08/21/2029
 
TOP OF THE 1ST
Ottawa Nationals batting - Pitching for Bethesda Atoms : RHP Luis Torrez
Pitching: RHP Luis Torrez
Batting: LHB Ken Stroud 0-0: Foul Ball, location: 2F
0-1: Ball
1-1: Foul Ball, location: 2F
1-2: Ground out 5-3 (Groundball, 56)
Batting: RHB Tomás Bermúdez 0-0: Swinging Strike
0-1: Foul Ball, location: 2F
0-2: Strikes out swinging
Batting: RHB Ron Bernard 0-0: Foul Ball, location: 2F
0-1: Foul Ball, location: 2F
0-2: Ball
1-2: Ball
2-2: Strikes out looking
Top of the 1st over - 0 runs, 0 hits, 0 errors, 0 left on base; Ottawa 0 - Bethesda 0
BOTTOM OF THE 1ST
Bethesda Atoms batting - Pitching for Ottawa Nationals : LHP Francisco Jiménez
Pitching: LHP Francisco Jiménez
Batting: RHB Juan Camacho 0-0: Reached on error, E6 (Groundball, 6)
Batting: RHB Héctor Amador 0-0: Ball
1-0: Foul Ball, location: 2F
1-1: Ball
2-1: DOUBLE (Line Drive, 7LM)
Juan Camacho to third
Batting: RHB Jorge Cortéz 0-0: Ball
1-0: SINGLE (Line Drive, 4D)
Juan Camacho scores
Héctor Amador to third
Runner from 3rd tries for Home, SAFE, throw made home
Batting: RHB Jack Willis 0-0: Called Strike
0-1: SINGLE (Groundball, 13) (infield hit)
Jorge Cortéz to second
Batting: RHB Ernesto López 0-0: Foul Ball, location: 2F
0-1: Foul Ball, location: 2F
0-2: Ball
1-2: Fielders Choice at 2nd, 1-4 (Groundball, 15S)
Jorge Cortéz to third
Batting: RHB Carlos Deleón 0-0: Fly out, F7 (Flyball, 7)
Runner from 3rd tags up, SCORES, throw made
Batting: RHB Diego Romero 0-0: Ball
1-0: Called Strike
1-1: Ball
2-1: Ball
3-1: Base on Balls
Ernesto López to second
Batting: RHB Juan Moreno 0-0: Ball
1-0: Fly out, F9 (Line Drive, 9)
Bottom of the 1st over - 3 runs, 3 hits, 1 error, 2 left on base; Ottawa 0 - Bethesda 3
TOP OF THE 2ND
Ottawa Nationals batting - Pitching for Bethesda Atoms : RHP Luis Torrez
Batting: LHB José Gómez 0-0: Called Strike
0-1: Ball
1-1: Foul Ball, location: 2F
1-2: Strikes out swinging, 2-3 out at first.
Batting: RHB Mike Jennings 0-0: Swinging Strike
0-1: Swinging Strike
0-2: Strikes out looking
Batting: RHB Miguel González 0-0: Ground out 1-3 (Groundball, 13S)
Top of the 2nd over - 0 runs, 0 hits, 0 errors, 0 left on base; Ottawa 0 - Bethesda 3
BOTTOM OF THE 2ND
Bethesda Atoms batting - Pitching for Ottawa Nationals : LHP Francisco Jiménez
Batting: LHB Manuel Márquez 0-0: Ball
1-0: Ball
2-0: Ball
3-0: Base on Balls
Batting: RHB Juan Camacho 0-0: Called Strike
Manuel Márquez is caught stealing 2nd base
0-1: Ground out 6-3 (Groundball, 6)
Batting: RHB Héctor Amador 0-0: Called Strike
0-1: Swinging Strike
0-2: Ball
1-2: Ball
2-2: Ball
3-2: Foul Ball, location: 2F
3-2: Strikes out looking
Bottom of the 2nd over - 0 runs, 0 hits, 0 errors, 0 left on base; Ottawa 0 - Bethesda 3
TOP OF THE 3RD
Ottawa Nationals batting - Pitching for Bethesda Atoms : RHP Luis Torrez
Batting: LHB Jesús Mancía 0-0: Ball
1-0: Called Strike
1-1: Bunt for hit - play at first, batter OUT! 1-3
Batting: SHB Tristan Shanks 0-0: Ball
1-0: Ball
2-0: Ball
3-0: Called Strike
3-1: Fly out, F4 (Line Drive, 4)
Batting: RHB Juan González 0-0: Ball
1-0: Ball
2-0: Ball
3-0: Called Strike
3-1: Swinging Strike
3-2: SINGLE (Line Drive, 4MD)
Batting: LHB Ken Stroud 0-0: Ball
1-0: Ball
2-0: Ball
3-0: Called Strike
3-1: Called Strike
3-2: Fly out, F8 (Flyball, 8RD)
Top of the 3rd over - 0 runs, 1 hit, 0 errors, 1 left on base; Ottawa 0 - Bethesda 3
BOTTOM OF THE 3RD
Bethesda Atoms batting - Pitching for Ottawa Nationals : LHP Francisco Jiménez
Batting: RHB Jorge Cortéz 0-0: Called Strike
0-1: Foul Ball, location: 2F
0-2: Ball
1-2: Ball
2-2: Ball
3-2: Strikes out swinging
Batting: RHB Jack Willis 0-0: Called Strike
0-1: Ball
1-1: Ground out 4-3 (Groundball, 4)
Batting: RHB Ernesto López 0-0: Ground out 5-3 (Groundball, 5)
Bottom of the 3rd over - 0 runs, 0 hits, 0 errors, 0 left on base; Ottawa 0 - Bethesda 3
TOP OF THE 4TH
Ottawa Nationals batting - Pitching for Bethesda Atoms : RHP Luis Torrez
Batting: RHB Tomás Bermúdez 0-0: Fly out, F8 (Flyball, 8RM)
Batting: RHB Ron Bernard 0-0: Called Strike
0-1: Ball
1-1: Ball
2-1: Ball
3-1: Base on Balls
Batting: LHB José Gómez 0-0: Ball
Wild Pitch!
Ron Bernard to second
1-0: Swinging Strike
1-1: Ball
2-1: Fly out, F9 (Flyball, 89S)
Batting: RHB Mike Jennings 0-0: Ball
1-0: Ball
2-0: Ball
3-0: Called Strike
3-1: Called Strike
3-2: Foul Ball, location: 2F
3-2: Foul Ball, location: 2F
3-2: Foul Ball, location: 2F
3-2: Fly out, F8 (Flyball, 89D)
Top of the 4th over - 0 runs, 0 hits, 0 errors, 1 left on base; Ottawa 0 - Bethesda 3
BOTTOM OF THE 4TH
Bethesda Atoms batting - Pitching for Ottawa Nationals : LHP Francisco Jiménez
Batting: RHB Carlos Deleón 0-0: Ground out U3 (Groundball, 34S)
Batting: RHB Diego Romero 0-0: SINGLE (Groundball, 5S) (infield hit)
Batting: RHB Juan Moreno 0-0: Ball
1-0: Ball
2-0: Swinging Strike
2-1: Foul Ball, location: 2F
2-2: Ground out 6-3 (Groundball, 6)
Diego Romero to second
Pitching: RHP John Walls
Batting: LHB Manuel Márquez 0-0: Called Strike
0-1: Ball
1-1: Ball
2-1: Foul Ball, location: 2F
2-2: Fly out, F8 (Flyball, 8RD)
Bottom of the 4th over - 0 runs, 1 hit, 0 errors, 1 left on base; Ottawa 0 - Bethesda 3
TOP OF THE 5TH
Ottawa Nationals batting - Pitching for Bethesda Atoms : RHP Luis Torrez
Batting: RHB Miguel González 0-0: Ball
1-0: Ground out 1-3 (Groundball, 13S)
Batting: LHB Jesús Mancía 0-0: Ball
1-0: Ball
2-0: Swinging Strike
2-1: Foul Ball, location: 2F
2-2: Strikes out swinging
Batting: SHB Tristan Shanks 0-0: SOLO HOME RUN (Flyball, 9D), Distance : 356 ft
Batting: RHB Juan González 0-0: Called Strike
0-1: Ball
1-1: Ground out 5-3 (Groundball, 56S)
Top of the 5th over - 1 run, 1 hit, 0 errors, 0 left on base; Ottawa 1 - Bethesda 3
BOTTOM OF THE 5TH
Bethesda Atoms batting - Pitching for Ottawa Nationals : RHP John Walls
Batting: RHB Juan Camacho 0-0: Fly out, F7 (Flyball, 7LD)
Batting: RHB Héctor Amador 0-0: Ball
1-0: Called Strike
1-1: Ground out 6-3 (Groundball, 6)
Batting: RHB Jorge Cortéz 0-0: Foul Ball, location: 2F
0-1: Ground out 6-3 (Groundball, 6)
Bottom of the 5th over - 0 runs, 0 hits, 0 errors, 0 left on base; Ottawa 1 - Bethesda 3
TOP OF THE 6TH
Ottawa Nationals batting - Pitching for Bethesda Atoms : RHP Luis Torrez
Batting: LHB Ken Stroud 0-0: Swinging Strike
0-1: Called Strike
0-2: Foul Ball, location: 2F
0-2: Ball
1-2: Foul Ball, location: 2F
1-2: Ball
2-2: Ball
3-2: SINGLE (Groundball, 6MD)
Batting: RHB Tomás Bermúdez 0-0: Ball
1-0: Ball
2-0: Called Strike
2-1: Sac Bunt - play at first, batter OUT! 5-3
Ken Stroud to second
Batting: RHB Ron Bernard 0-0: Ball
1-0: Called Strike
1-1: Ball
2-1: TRIPLE (Line Drive, 9D)
Ken Stroud scores
Batting: LHB José Gómez 0-0: Hit by Pitch
Batting: RHB Mike Jennings 0-0: Foul Ball, location: 2F
0-1: Ball
1-1: Ball
2-1: Swinging Strike
2-2: Ball
3-2: Foul Ball, location: 2F
3-2: Foul Ball, location: 2F
3-2: Strikes out swinging
Pitching: RHP Milan Opalka
Batting: RHB Miguel González 0-0: Foul Ball, location: 2F
0-1: Ground out 5-3 (Groundball, 56S)
Top of the 6th over - 1 run, 2 hits, 0 errors, 2 left on base; Ottawa 2 - Bethesda 3
BOTTOM OF THE 6TH
Bethesda Atoms batting - Pitching for Ottawa Nationals : RHP John Walls
Batting: RHB Jack Willis 0-0: Ball
1-0: Ball
2-0: Foul Ball, location: 2F
2-1: Foul Ball, location: 2F
2-2: Foul Ball, location: 2F
2-2: Fly out, F3 (Popup, 34S)
Batting: RHB Ernesto López 0-0: Ball
1-0: Ball
2-0: Called Strike
2-1: Ball
3-1: Called Strike
3-2: Foul Ball, location: 2F
3-2: Foul Ball, location: 2F
3-2: Base on Balls
Batting: RHB Carlos Deleón 0-0: Ball
1-0: Foul Ball, location: 2F
1-1: Fly out, F7 (Flyball, 78M)
Batting: RHB Diego Romero 0-0: Ball
1-0: Foul Ball, location: 2F
1-1: Foul Ball, location: 2F
1-2: Strikes out swinging
Bottom of the 6th over - 0 runs, 0 hits, 0 errors, 1 left on base; Ottawa 2 - Bethesda 3
TOP OF THE 7TH
Ottawa Nationals batting - Pitching for Bethesda Atoms : RHP Milan Opalka
Batting: LHB Jesús Mancía 0-0: Ball
1-0: Swinging Strike
1-1: Foul Ball, location: 2F
1-2: Foul Ball, location: 2F
1-2: SINGLE (Line Drive, 9S)
Batting: SHB Tristan Shanks 0-0: Bunted foul
0-1: Bunted foul
0-2: Fly out, F4 (Line Drive, 4)
Batting: RHB Juan González 0-0: Called Strike
0-1: Foul Ball, location: 2F
0-2: Ball
1-2: Ball
2-2: Ball
3-2: Foul Ball, location: 2F
3-2: SINGLE (Line Drive, 7LS)
Jesús Mancía to second
Jesús Mancía to third
Batting: LHB Ken Stroud 0-0: Called Strike
0-1: Ball
1-1: Ball
2-1: Foul Ball, location: 2F
2-2: Ball
3-2: Base on Balls
Juan González to second
Batting: RHB Tomás Bermúdez 0-0: Ball
1-0: TRIPLE (Groundball, 3L)
Jesús Mancía scores
Juan González scores
Ken Stroud scores
Pitching: LHP Phil Miller
Batting: RHB Ron Bernard 0-0: Intentional Walk
Batting: LHB José Gómez 0-0: Called Strike
0-1: Ball
Ron Bernard is caught stealing 2nd base
1-1: Swinging Strike
1-2: Strikes out swinging, 2-3 out at first.
Top of the 7th over - 3 runs, 3 hits, 0 errors, 1 left on base; Ottawa 5 - Bethesda 3
BOTTOM OF THE 7TH
Bethesda Atoms batting - Pitching for Ottawa Nationals : RHP John Walls
Batting: RHB Juan Moreno 0-0: Ball
1-0: Ball
2-0: Ground out 4-3 (Groundball, 4)
Batting: LHB Manuel Márquez 0-0: Foul Ball, location: 2F
0-1: Ball
1-1: Ball
2-1: Ball
3-1: Base on Balls
Batting: RHB Juan Camacho 0-0: Ball
Passed Ball!
Manuel Márquez to second
1-0: Ground out 6-3 (Groundball, 6)
Batting: RHB Héctor Amador 0-0: Foul Ball, location: 2F
0-1: Foul Ball, location: 2F
0-2: Foul Ball, location: 2F
0-2: Ground out 5-3 (Groundball, 5)
Bottom of the 7th over - 0 runs, 0 hits, 0 errors, 1 left on base; Ottawa 5 - Bethesda 3
TOP OF THE 8TH
Ottawa Nationals batting - Pitching for Bethesda Atoms : LHP Phil Miller
Batting: RHB Mike Jennings 0-0: Foul Ball, location: 2F
0-1: Foul Ball, location: 2F
0-2: Ball
1-2: Ball
2-2: Foul Ball, location: 2F
2-2: Strikes out swinging
Batting: RHB Miguel González 0-0: Ball
1-0: Ball
2-0: SINGLE (Line Drive, 7S)
Batting: LHB Jesús Mancía 0-0: Called Strike
0-1: Swinging Strike
0-2: Fly out, F7 (Flyball, 7D)
Batting: SHB Tristan Shanks 0-0: Called Strike
0-1: Foul Ball, location: 2F
0-2: Strikes out swinging
Top of the 8th over - 0 runs, 1 hit, 0 errors, 1 left on base; Ottawa 5 - Bethesda 3
BOTTOM OF THE 8TH
Bethesda Atoms batting - Pitching for Ottawa Nationals : RHP John Walls
Batting: RHB Jorge Cortéz 0-0: Called Strike
0-1: Called Strike
0-2: Ball
1-2: Strikes out looking
Pitching: RHP Gonzalo Ruíz
Batting: RHB Jack Willis 0-0: Called Strike
0-1: Ball
1-1: Fly out, F9 (Flyball, 89M)
Batting: RHB Ernesto López 0-0: Foul Ball, location: 2F
0-1: Ground out 6-3 (Groundball, 56)
Bottom of the 8th over - 0 runs, 0 hits, 0 errors, 0 left on base; Ottawa 5 - Bethesda 3
TOP OF THE 9TH
Ottawa Nationals batting - Pitching for Bethesda Atoms : LHP Phil Miller
Batting: RHB Juan González 0-0: Foul Ball, location: 2F
0-1: DOUBLE (Line Drive, 7LM)
Batting: LHB Ken Stroud 0-0: Ball
1-0: Ball
2-0: Bunted foul
2-1: Sac Bunt - play at first, batter OUT! 3-4
Juan González to third
Batting: RHB Tomás Bermúdez 0-0: Fly out, F9 (Flyball, 89S)
Runner from 3rd tags up, OUT at HOME
Top of the 9th over - 0 runs, 1 hit, 0 errors, 0 left on base; Ottawa 5 - Bethesda 3
BOTTOM OF THE 9TH
Bethesda Atoms batting - Pitching for Ottawa Nationals : RHP Gonzalo Ruíz
Batting: RHB Carlos Deleón 0-0: Hit by Pitch
Pinch Hitting: SHB Pat Sargent 0-0: Ball
1-0: Swinging Strike
1-1: Called Strike
1-2: SINGLE (Line Drive, 4MD)
Carlos Deleón to second
Pinch Hitting: RHB Vic Richards 0-0: Called Strike
0-1: Foul Ball, location: 2F
0-2: Strikes out swinging
Batting: LHB Manuel Márquez 0-0: Fielders Choice at 2nd, 6-4 (Groundball, 6)
Carlos Deleón to third
Now at 2B: Jorge Cortés
Pinch Hitting: RHB José Leyva 0-0: Called Strike
0-1: Ball
1-1: Ball
2-1: Ball
3-1: Base on Balls
Manuel Márquez to second
Pinch Hitting: RHB Chase Mooney 0-0: SINGLE (Groundball, 5D)
Carlos Deleón scores
Manuel Márquez to third
José Leyva to second
Runner from 3rd tries for Home, SAFE, no throw
Batting: RHB Jorge Cortéz 0-0: Called Strike
0-1: SINGLE (Groundball, 56) (infield hit)
José Leyva to third
Chase Mooney to second
Batting: RHB Jack Willis 0-0: Ball
1-0: Foul Ball, location: 2F
1-1: Foul Ball, location: 2F
1-2: Strikes out swinging
Bottom of the 9th over - 2 runs, 3 hits, 0 errors, 3 left on base; Ottawa 5 - Bethesda 5
TOP OF THE 10TH
Ottawa Nationals batting - Pitching for Bethesda Atoms : LHP Phil Miller
Pitching: RHP Mau Delgado
Now at 1B: Pat Sargent
Now at 3B: Chase Mooney
Now in LF: Leroy Rijerkerk
Now in RF: Bob Lambert
Batting: RHB Ron Bernard 0-0: Ball
1-0: Ball
2-0: SINGLE (Flyball, 7LS)
Batting: LHB José Gómez 0-0: Grounds into double play, 5-4-3 (Groundball, 56)
Batting: RHB Mike Jennings 0-0: Ball
1-0: Called Strike
1-1: Swinging Strike
1-2: Ground out 5-3 (Groundball, 56)
Top of the 10th over - 0 runs, 1 hit, 0 errors, 0 left on base; Ottawa 5 - Bethesda 5
BOTTOM OF THE 10TH
Bethesda Atoms batting - Pitching for Ottawa Nationals : RHP Gonzalo Ruíz
Batting: RHB Ernesto López 0-0: Called Strike
0-1: Foul Ball, location: 2F
0-2: Ball
1-2: Strikes out looking
Batting: RHB Carlos Deleón 0-0: Ball
1-0: Ball
2-0: Fly out, F7 (Flyball, 7LM)
Batting: SHB Pat Sargent 0-0: Foul Ball, location: 2F
0-1: Ball
1-1: Ball
2-1: Ball
3-1: Foul Ball, location: 2F
3-2: Base on Balls
Pinch Runner at 1st Carlos Soto:
Pinch Hitting: RHB Carlos León 0-0: SINGLE (Line Drive, 6M)
Carlos Soto to second
Pitching: LHP Rubén Ruíz
Batting: LHB Manuel Márquez 0-0: Ball
1-0: Ball
2-0: Ground out U3 (Groundball, 3)
Bottom of the 10th over - 0 runs, 1 hit, 0 errors, 2 left on base; Ottawa 5 - Bethesda 5
TOP OF THE 11TH
Ottawa Nationals batting - Pitching for Bethesda Atoms : RHP Mau Delgado
Now at 1B: Carlos Soto
Now in LF: Bernardo Martínez
Batting: RHB Miguel González 0-0: Ball
1-0: Ball
2-0: Ball
3-0: Called Strike
3-1: Fly out, F5 (Popup, 5SF)
Batting: LHB Jesús Mancía 0-0: Ball
1-0: Ground out 4-3 (Groundball, 4M)
Pinch Hitting: RHB Duane Wills 0-0: Called Strike
0-1: Foul Ball, location: 2F
0-2: Ball
1-2: Ball
2-2: Foul Ball, location: 2F
2-2: Ball
3-2: Base on Balls
Batting: RHB Juan González 0-0: Called Strike
0-1: Fly out, F8 (Line Drive, 78M)
Top of the 11th over - 0 runs, 0 hits, 0 errors, 1 left on base; Ottawa 5 - Bethesda 5
BOTTOM OF THE 11TH
Bethesda Atoms batting - Pitching for Ottawa Nationals : LHP Rubén Ruíz
Now at 2B: Duane Wills
Batting: SHB Bob Lambert 0-0: Called Strike
0-1: Swinging Strike
0-2: Foul Ball, location: 2F
0-2: Ball
1-2: Ball
2-2: Strikes out looking
Batting: RHB Chase Mooney 0-0: Called Strike
0-1: Ball
1-1: SINGLE (Groundball, 4MD)
Batting: RHB Jorge Cortéz 0-0: Ball
1-0: Ball
2-0: Called Strike
2-1: Fly out, F7 (Flyball, 7D)
Runner from 1st tags up, SAFE at 2nd
Batting: RHB Jack Willis 0-0: SINGLE (Groundball, 6S) (infield hit)
Chase Mooney to third
Batting: RHB Ernesto López 0-0: Ground out 4-3 (Groundball, 4)
Bottom of the 11th over - 0 runs, 2 hits, 0 errors, 2 left on base; Ottawa 5 - Bethesda 5
TOP OF THE 12TH
Ottawa Nationals batting - Pitching for Bethesda Atoms : RHP Mau Delgado
Pitching: LHP Hakan Yilmanz
Batting: LHB Ken Stroud 0-0: Fly out, F6 (Popup, 6)
Batting: RHB Jorge Cortés 0-0: Called Strike
0-1: Called Strike
0-2: Ball
1-2: Ball
2-2: Strikes out swinging
Batting: RHB Ron Bernard 0-0: Called Strike
0-1: Ball
1-1: Foul Ball, location: 2F
1-2: Strikes out swinging
Top of the 12th over - 0 runs, 0 hits, 0 errors, 0 left on base; Ottawa 5 - Bethesda 5
BOTTOM OF THE 12TH
Bethesda Atoms batting - Pitching for Ottawa Nationals : LHP Rubén Ruíz
Batting: RHB Carlos Deleón 0-0: Called Strike
0-1: Fly out, F9 (Flyball, 9LMF)
Batting: RHB Carlos Soto 0-0: Called Strike
0-1: Swinging Strike
0-2: Ball
1-2: Foul Ball, location: 2F
1-2: Ball
2-2: Ball
3-2: Base on Balls
Batting: RHB Bernardo Martínez 0-0: Called Strike
0-1: Called Strike
0-2: Ball
1-2: Foul Ball, location: 2F
1-2: Ball
2-2: Ball
3-2: Foul Ball, location: 2F
3-2: Foul Ball, location: 2F
3-2: Strikes out looking
Batting: LHB Manuel Márquez 0-0: Ground out U3 (Groundball, 3L)
Bottom of the 12th over - 0 runs, 0 hits, 0 errors, 1 left on base; Ottawa 5 - Bethesda 5
TOP OF THE 13TH
Ottawa Nationals batting - Pitching for Bethesda Atoms : LHP Hakan Yilmanz
Batting: LHB José Gómez 0-0: Ball
1-0: SINGLE (Groundball, 4D)
Pinch Runner at 1st Tony Rodríguez:
Batting: RHB Mike Jennings Balk!
Tony Rodríguez to second
0-0: Intentional Walk
Batting: RHB Miguel González 0-0: Called Strike
Tony Rodríguez steals 3rd base
0-1: Ball
1-1: Foul Ball, location: 2F
1-2: Foul Ball, location: 2F
1-2: Fly out, F8 (Flyball, 8LM)
Runner from 3rd tags up, SCORES, no throw
Pinch Hitting: RHB José García 0-0: Ball
1-0: Fielders Choice at 2nd, 4-6 (Groundball, 4)
Batting: RHB Duane Wills 0-0: Called Strike
0-1: Ball
1-1: Ball
2-1: Ball
3-1: Swinging Strike
3-2: Strikes out looking
Top of the 13th over - 1 run, 1 hit, 0 errors, 1 left on base; Ottawa 6 - Bethesda 5
BOTTOM OF THE 13TH
Bethesda Atoms batting - Pitching for Ottawa Nationals : LHP Rubén Ruíz
Now in RF: José García
Batting: SHB Bob Lambert 0-0: Ball
1-0: Ball
2-0: Ball
3-0: Base on Balls
Batting: RHB Chase Mooney 0-0: Called Strike
0-1: Grounds into double play, 6-4-3 (Groundball, 6M)
Batting: RHB Jorge Cortéz 0-0: Called Strike
0-1: Ground out 6-3 (Groundball, 6)
Bottom of the 13th over - 0 runs, 0 hits, 0 errors, 0 left on base; Ottawa 6 - Bethesda 5
Tuesday, December 19th, 2017 - OOTP Baseball 18.8 Build 76